 Dungeon Sprint DCSS version 0.17.1-1-g73c8601 (console) character file.

2936 Cab the Basher (level 9, -1/144 HPs)
             Began as a Minotaur Berserker on Dec 22, 2015.
             Was a High Priest of Trog.
             Slain by a demonic crawler (2 damage)
             ... while paralysed by a giant eyeball
             ... in the Dungeon (Sprint I: "Red Sonja").
             The game lasted 00:04:23 (1024 turns).

Cab the Basher (Minotaur Berserker)                 Turns: 1024, Time: 00:04:23

Health: -1/144     AC: 11    Str: 29    XL:     9   Next: 51%
Magic:  8/8        EV:  2    Int:  9    God:    Trog [*****.]
Gold:   423        SH:  0    Dex: 11    Spells: 0 memorised, 8 levels left

rFire  . . .     SeeInvis .     a - +0 mace
rCold  . . .     Clarity  .     c - +0 chain mail
rNeg   . . .     SustAt   .     (no shield)
rPois  .         Gourm    .     (helmet restricted)
rElec  .         Spirit   .     (no cloak)
rCorr  .         Warding  .     (no gloves)
rMut   .         NoTele   +     (no boots)
MR     .....                    (no amulet)
Stlth  ..........               (no ring)
                                (no ring)

@: paralysed, brilliant, berserking, very slightly contaminated, hasted, not
resistant to hostile enchantments, extremely unstealthy
A: retaliatory headbutt, horns 2
a: Berserk, Trog's Hand, Brothers in Arms, Burn Spellbooks, Renounce Religion


You were in the Dungeon.
You worshipped Trog.
Trog was extremely pleased with you.
You were very hungry.

You visited 1 branch You collected 423 gold pieces.

Inventory:

Hand Weapons
 a - a +0 mace (weapon)
Armour
 b - a +0 animal skin
 c - a +0 chain mail (worn)
Wands
 j - a wand of fireball (0)
Scrolls
 i - a scroll of blinking
Potions
 d - a potion of curing
 g - 2 potions of magic
 h - a potion of berserk rage


   Skills:
 + Level 14.7 Fighting
 + Level 14.8 Maces & Flails
 + Level 10.7 Armour
 + Level 9.7 Dodging
 + Level 4.1 Stealth
 + Level 0.6 Evocations


You had 8 spell levels left.
You didn't know any spells.

Dungeon Overview and Level Annotations

Branches:
Dungeon (1/1)

Altars:
Cheibriados
Dithmenos
Elyvilon
Fedhas
Gozag
Kikubaaqudgha
Makhleb
Nemelex Xobeh
Okawaru
Qazlal
Ru
Sif Muna
Trog
Vehumet
Xom
Yredelemnul
Zin
The Shining One
Jiyva

Shops:
D :


Innate Abilities, Weirdness & Mutations

You reflexively headbutt those who attack you in melee.
You have a pair of horns on your head.


Message History

The demonic crawler hits you.
* * * LOW HITPOINT WARNING * * *
The demonic crawler hits you but does no damage.
The demonic crawler hits you.
* * * LOW HITPOINT WARNING * * *
The demonic crawler hits you.
* * * LOW HITPOINT WARNING * * *
The demonic crawler hits you.
* * * LOW HITPOINT WARNING * * *
The demonic crawler hits you!
* * * LOW HITPOINT WARNING * * *
The demonic crawler hits you.
* * * LOW HITPOINT WARNING * * *
The demonic crawler hits you.
* * * LOW HITPOINT WARNING * * *
The demonic crawler hits you but does no damage.
The demonic crawler hits you.
* * * LOW HITPOINT WARNING * * *
The demonic crawler hits you.
You die...

▒▒▒▒▒▒▒▒▒▒▒▒▒▒▒▒▒▒▒▒
')∙▒∙∙'∙∙▒▄▄▒∙∙)@s∙▒
▒∙∙')∙▒∙∙'∙∙'∙∙▒Gs∙▒
▒▒'▒▒▒▒▒'▒▄▄▒▒▒▒∙∙∙'∙∙▒
▒∙∙▒∙∙∙▒∙▒▒▒▒#(▒▒▒▒▒∙∙■
▒▒▒▒∙∙▒▒#▒(#≈##▒ ▒▒
∙▄▄▒▒'▒##'≈≈#)#■
∩∙∙∙'∙∙∙▄▒#####▒
∙∙▄▒▒▄∙▒■▒▒■▒▒▒▒
▄▄▄▒▒▒■▒


You could see 2 demonic crawlers and a giant eyeball.

Vanquished Creatures
  2 centaur warriors (D)
  2 demonic crawlers (D)
  2 kobold demonologists (D)
  A slime creature (D)
  Sigmund (D)
  A yak (D)
  An ogre (D)
  A jelly (D)
  Ijyb (D)
12 creatures vanquished.

Vanquished Creatures (others)
  A gargoyle (D)
1 creature vanquished.

Grand Total: 13 creatures vanquished

Notes
Turn   | Place    | Note
--------------------------------------------------------------
     0 | D        | Cab the Minotaur Berserker began the quest for the Orb.
     0 | D        | Reached XP level 1. HP: 19/19 MP: 0/0
     1 | D        | Noticed Ijyb
     5 | D        | Killed Ijyb
     5 | D        | Reached skill level 5 in Fighting
     5 | D        | Reached skill level 5 in Maces & Flails
     5 | D        | Reached XP level 2. HP: 30/30 MP: 1/1
    28 | D        | Killed a gargoyle
    40 | D        | Noticed an ogre
    44 | D        | Killed an ogre
    44 | D        | Reached ** piety under Trog
    44 | D        | Reached skill level 7 in Fighting
    44 | D        | Reached XP level 3. HP: 20/40 MP: 2/2
    44 | D        | Reached XP level 4. HP: 24/48 MP: 3/3
   193 | D        | Noticed Sigmund
   197 | D        | Killed Sigmund
   197 | D        | Reached skill level 9 in Fighting
   197 | D        | Reached skill level 5 in Armour
   197 | D        | Reached skill level 5 in Dodging
   197 | D        | Reached XP level 5. HP: 52/58 MP: 4/4
   316 | D        | Found a deep blue altar of Sif Muna.
   317 | D        | Noticed a jelly
   318 | D        | Found a radiant altar of Vehumet.
   324 | D        | Killed a jelly
   324 | D        | Reached skill level 10 in Fighting
   324 | D        | Reached skill level 10 in Maces & Flails
   324 | D        | Reached skill level 1 in Stealth
   324 | D        | Reached XP level 6. HP: 28/66 MP: 5/5
   339 | D        | Found Bigotop's Book Emporium.
   339 | D        | Found a white marble altar of Elyvilon.
   339 | D        | Found a stormy altar of Qazlal.
   339 | D        | Found a basalt altar of Yredelemnul.
   339 | D        | Found an iron altar of Okawaru.
   339 | D        | Found a sparkling altar of Nemelex Xobeh.
   339 | D        | Found a shimmering altar of Xom.
   339 | D        | Found an ancient bone altar of Kikubaaqudgha.
   339 | D        | Noticed a yak
   348 | D        | Killed a yak
   348 | D        | Reached *** piety under Trog
   348 | D        | Reached skill level 11 in Fighting
   349 | D        | Found a burning altar of Makhleb.
   349 | D        | Found a sacrificial altar of Ru.
   349 | D        | Found a glowing golden altar of the Shining One.
   349 | D        | Found an opulent altar of Gozag.
   349 | D        | Found a glowing silver altar of Zin.
   350 | D        | Found a bloodstained altar of Trog.
   581 | D        | Noticed a centaur warrior
   581 | D        | Noticed a centaur warrior
   611 | D        | Killed a centaur warrior
   611 | D        | Reached skill level 12 in Fighting
   611 | D        | Reached XP level 7. HP: 28/78 MP: 6/6
   611 | D        | Reached XP level 8. HP: 30/85 MP: 7/7
   620 | D        | Killed a centaur warrior
   620 | D        | Reached skill level 13 in Fighting
   919 | D        | Found a snail-covered altar of Cheibriados.
   919 | D        | Found a shadowy altar of Dithmenos.
   919 | D        | Noticed a slime creature
   920 | D        | Found a viscous altar of Jiyva.
   920 | D        | Found a blossoming altar of Fedhas.
   924 | D        | Killed a slime creature
   924 | D        | Reached skill level 14 in Maces & Flails
   972 | D        | Noticed a kobold demonologist
   973 | D        | Noticed a red devil
   973 | D        | Noticed a kobold demonologist
   977 | D        | Noticed a soul eater
   980 | D        | Killed a kobold demonologist
   980 | D        | Reached **** piety under Trog
   980 | D        | Reached XP level 9. HP: 84/95 MP: 8/8
   980 | D        | Paralysed by a giant eyeball for 4 turns
   988 | D        | Paralysed by a giant eyeball for 4 turns
  1000 | D        | Killed a kobold demonologist
  1001 | D        | Noticed a demonic crawler
  1001 | D        | Noticed a demonic crawler
  1001 | D        | Noticed a demonic crawler
  1001 | D        | Noticed a demonic crawler
  1001 | D        | Paralysed by a giant eyeball for 2 turns
  1012 | D        | Killed a demonic crawler
  1012 | D        | Reached skill level 10 in Armour
  1019 | D        | Killed a demonic crawler
  1019 | D        | Reached ***** piety under Trog
  1022 | D        | Paralysed by a giant eyeball for 3 turns
  1024 | D        | HP: 7/144 [demonic crawler (3)]
  1024 | D        | HP: 1/144 [demonic crawler (6)]
  1024 | D        | Slain by a demonic crawler

Action                   |  1- 3 |  4- 6 |  7- 9 || total
-------------------------+-------+-------+-------++-------
Melee: Mace              |     7 |    23 |    41 ||    71
Invok: Berserk           |     1 |     3 |     2 ||     6
Evoke: Wand              |       |       |     2 ||     2
  Use: Potion            |       |     1 |     2 ||     3
 Stab: Sleeping          |       |     1 |       ||     1
  Eat: Bread ration      |       |     1 |       ||     1
